AoeStats
← lum3n

Arabia

506299005Analyzed
2v2 RM · 20d ago on Sep 13, 2026· 66m 55s· 4 players
Game mode
Random Map
Map size
Medium (4 player)
Population
200
Speed
Normal
Resources
Standard
Victory
Conquest
Starting age
Dark Age
Ending age
Imperial Age
RankedLock teamsTeams togetherTeam positionsShared explorationLock speedFull tech treeHidden civsTurbo modeCheats
Victory
Defeat
🇺🇸 Tupi · United States
1220
+17
🇺🇸 Vikings · United States
1219
+17
🇲🇽 Muisca · Mexico
1272
-18
🇺🇸 Japanese · United States
1223
-16
SenileOyster
7:42 Loom
9:35 Feudal Age
14:28 Fletching
17:20 Padded Archer Armor
17:59 Town Watch
26:53 Castle Age
26:56 Crossbowman
27:44 Bodkin Arrow
27:47 Double-Bit Axe
29:02 Gold Mining
31:03 Leather Archer Armor
32:16 Ballistics
34:55 Horse Collar
39:49 Bow Saw
43:52 Heavy Plow
49:53 Imperial Age
48:14 Scale Barding Armor
48:24 Town Patrol
49:24 Scale Mail Armor
49:34 Forging
51:38 Bracer
51:04 Arbalester
57:53 Chain Mail Armor
59:22 Plate Mail Armor
59:27 Iron Casting
62:53 Conscription
64:00 Blast Furnace
lum3n
9:38 Feudal Age
10:26 Loom
15:06 Fletching
15:17 Padded Archer Armor
24:59 Double-Bit Axe
32:59 Castle Age
33:26 Crossbowman
42:57 Bodkin Arrow
43:17 Leather Archer Armor
52:10 Wheelbarrow
52:14 Ballistics
59:13 Bow Saw
58:44 Horse Collar
62:54 Gold Mining
63:04 Heavy Plow
68:55 Imperial Age
NaginiKill
9:57 Feudal Age
10:14 Man-at-Arms
20:33 Castle Age
22:26 Loom
31:49 Forging
32:35 Scale Barding Armor
36:31 Iron Casting
38:58 Wheelbarrow
41:07 Double-Bit Axe
41:15 Gold Mining
42:35 Chain Barding Armor
66:06 Horse Collar
66:34 Thumb Ring
[inkas'A] jony567
7:11 Loom
9:50 Feudal Age
9:56 Champi Runner
10:49 Double-Bit Axe
11:58 Forging
12:42 Scale Mail Armor
15:10 Fletching
16:14 Padded Archer Armor
24:39 Castle Age
23:37 Horse Collar
23:52 Gold Mining
26:55 Squires
28:14 Chain Mail Armor
30:36 Iron Casting
34:30 Champi Warrior
43:36 Bow Saw
43:36 Heavy Plow
44:19 Wheelbarrow
44:25 Town Watch
53:51 Imperial Age
52:01 Hand Cart
53:59 Elite Champi Warrior
55:14 Plate Mail Armor
56:04 Chemistry
55:00 Murder Holes
56:12 Bodkin Arrow
56:48 Leather Archer Armor
61:05 Elite Skirmisher
61:57 Thumb Ring
63:52 Ballistics
Connection lost

Rejoining the realm…

Still unreachable

The connection could not be restored.

Session expired

The server has moved on; the page needs a fresh start.